 Dungeon Crawl Stone Soup version 0.23.2 (webtiles) character file.

Game seed: 10867981228435028503

36 Leeroy the Digger (level 3, 0/24 HPs)
             Began as a Formicid Earth Elementalist on Apr 12, 2019.
             Slain by Natasha (8 damage)
             ... on level 2 of the Dungeon.
             The game lasted 00:03:20 (1629 turns).

Leeroy the Digger (Formicid Earth Elementalist)     Turns: 1629, Time: 00:03:21

Health: 0/24       AC:  2    Str: 13    XL:     3   Next: 57%
Magic:  6/6        EV: 12    Int: 14    God:
Gold:   60         SH:  0    Dex: 11    Spells: 3/6 levels left

rFire    . . .     SeeInvis +   j - +0 spear
rCold    . . .     Gourm    .   (no shield)
rNeg     . . .     Faith    .   c - +0 robe
rPois    .         Spirit   .   (helmet unavailable)
rElec    .         Reflect  .   (no cloak)
rCorr    .         Harm     .   (no gloves)
MR       .....                  (no boots)
Stlth    ++........             (no amulet)
HPRegen  0.08/turn              (no ring)
MPRegen  0.10/turn              (no ring)

@: no status effects
A: permanent stasis, dig shafts and tunnels, four strong arms, antennae 3
a: Dig, Shaft Self


You were on level 2 of the Dungeon.
You were hungry.

You visited 1 branch of the dungeon, and saw 2 of its levels.

You collected 60 gold pieces.

Inventory:

Hand Weapons
 j - a +0 spear (weapon)
 k - a +0 dagger
 n - a +0 dagger
Missiles
 b - 78 stones (quivered)
 g - 21 arrows
Armour
 c - a +0 robe (worn)
Scrolls
 a - a scroll of immolation {unknown}
 e - 2 scrolls of enchant weapon {unknown}
 f - a scroll of identify {unknown}
 l - 2 scrolls of teleportation {unknown}
 p - 3 scrolls of fog {unknown}
Potions
 h - a potion of degeneration {unknown}
 i - a potion of cancellation {unknown}
 o - a potion of ambrosia {unknown}
 q - a potion of brilliance {unknown}
Comestibles
 d - a ration


   Skills:
 + Level 0.5 Polearms
 - Level 1.7 Dodging
 - Level 2.4 Stealth
 - Level 2.2 Spellcasting
 + Level 1.1 Transmutations
 + Level 5.1 Earth Magic


You had 3 spell levels left.
You knew the following spells:

 Your Spells              Type           Power        Failure   Level  Hunger
a - Sandblast             Erth           ###...       3%          1    #......
b - Passwall              Tmut/Erth      ##......     10%         2    ###....

Your spell library contained the following spells:

 Spells                   Type           Power        Failure   Level  Hunger
 Stone Arrow              Conj/Erth      #.....       24%         3    ###....
 Petrify                  Tmut/Erth      ##......     54%         4    #####..
 Lee's Rapid Deconstruct  Erth           ###.......   63%         5    ######.


Dungeon Overview and Level Annotations

Branches:
Dungeon (2/15)

Altars:

Annotations:
D:2 Natasha


Innate Abilities, Weirdness & Mutations

You cannot be hasted, slowed, berserked, paralysed or teleported.
You can dig through walls and to a lower floor.
Your four strong arms can wield two-handed weapons with a shield.
You have a pair of large antennae on your head. (SInv)


Message History

The jackal barks!
Attack whom?
Press: ? - help, Dir - move target cursor, f - jackal
Aim: a jackal You reach to attack!
You hit the jackal.
The jackal is moderately wounded.
The jackal closely misses you.
You hit the jackal.
You kill the jackal!
The jackal barely misses you. Natasha claws you!
You see here a jackal corpse.
Natasha mumbles some strange words.
The jackal completely misses you. The jackal bites you.
You hit the jackal.
You kill the jackal!
Natasha claws you.
The shadow imp grinds its teeth.
You closely miss Natasha. Natasha claws you!
You die...

#.#.# .......
##.#.## #######
##.....### #
..#........ #
.........# # #5#
############## #.#
#.........֠..
#h###.############
#@....# #######


You could see Natasha and a shadow imp.

Vanquished Creatures
  2 dart slugs (D:1)
  8 goblins
  4 hobgoblins
  4 jackals
  2 kobolds
  2 frilled lizards (D:1)
  6 rats
28 creatures vanquished.

Notes
Turn   | Place    | Note
-------+----------+-------------------------------------------
     0 | D:1      | Leeroy the Formicid Earth Elementalist began the quest for
                  | the Orb.
     0 | D:1      | Reached XP level 1. HP: 13/13 MP: 3/3
   131 | D:1      | Reached skill level 4 in Earth Magic
   136 | D:1      | Reached XP level 2. HP: 18/19 MP: 3/5
   243 | D:1      | Learned a level 2 spell: Passwall
   940 | D:1      | Reached XP level 3. HP: 14/24 MP: 6/6
  1281 | D:2      | Reached skill level 5 in Earth Magic
  1305 | D:2      | Noticed Natasha
  1629 | D:2      | Slain by Natasha

Skill      XL: |  1  2  3 |
---------------+----------+-----
Earth Magic    | 4 5 |  5.1
Polearms       | |  0.5
Dodging        | |  1.7
Stealth        | |  2.4
Spellcasting   | |  2.2
Transmutations | |  1.1

Action                   || total
-------------------------++-------
Melee: Unarmed           ||    19
       Spear             ||    86
       Dagger            ||     3
 Cast: Sandblast         ||     5
       Passwall          ||     2
 Stab: Sleeping          ||     4
  Eat: Chunk             ||     2
Armor: Robe              ||     5
Dodge: Dodged            ||    52
